[Event "January 2 Late 2024"]
[Site "https://www.chess.com"]
[Date "2024.01.02"]
[Round "8"]
[White "Fernandez Hernandez, Gerardo"]
[Black "Toktomushev, Teimur"]
[Result "0-1"]
[Board "123"]
[TimeControl "180+1"]
[WhiteFideId "2207400"]
[BlackFideId "14176726"]
[WhiteElo "2334"]
[BlackElo "2462"]
[WhiteTeam "ESP"]
[BlackTeam "UKR"]
[WhiteClock "0:00:29"]
[BlackClock "0:00:11"]

1. e4 c5 2. d3 e6 3. g3 d5 4. Qe2 Nf6 5. Bg2 Be7 6. Nf3 O-O 7. e5 Nfd7 8. O-O Nc6 9. c4 a6 10. cxd5 exd5 11. Nc3 Nb6 12. Bf4 Re8 13. Rfe1 Be6 14. h4 h6 15. Qd2 Nd7 16. d4 Nf8 17. h5 Bg4 18. dxc5 Bxh5 19. Nxd5 Bxc5 20. Rac1 Ba7 21. Nh4 Ng6 22. Nxg6 Bxg6 23. e6 Rxe6 24. Rxe6 fxe6 25. Nc7 Qxd2 26. Bxd2 Rd8 27. Bf4 Nd4 28. Kh2 Ne2 29. Nxe6 Re8 30. Bd5 Nxc1 31. Nc7+ Bf7 32. Bxf7+ Kxf7 33. Nxe8 Nxa2 34. Bc1 Nxc1 35. Nd6+ Ke6 36. Nxb7 Bxf2 37. Kg2 Bb6 38. b4 Kd7 39. Nc5+ Bxc5 40. bxc5 Kc6 41. Kf3 a5 42. Ke3 Nb3 43. Kd3 Nxc5+ 44. Kc4 a4 45. Kb4 h5 46. Ka3 g5 47. Kb4 h4 48. gxh4 gxh4 49. Ka3 h3 50. Kb4 h2 51. Ka5 h1=Q 52. Kb4 Qb1+ 53. Ka3 Qb3# 0-1

[Event "January 2 Late 2024"]
[Site "https://www.chess.com"]
[Date "2024.01.02"]
[Round "8"]
[White "Zampronha, Wladimir Camilo"]
[Black "Karas, Marek"]
[Result "1-0"]
[Board "124"]
[TimeControl "180+1"]
[WhiteFideId "2103087"]
[BlackFideId "14928558"]
[WhiteElo "2328"]
[BlackElo "2461"]
[WhiteTeam "BRA"]
[BlackTeam "CZE"]
[WhiteClock "0:00:09"]
[BlackClock "0:00:00"]

1. e4 f5 2. exf5 Nf6 3. d4 d5 4. Bd3 e6 5. fxe6 c5 6. c3 Bxe6 7. Nf3 Bd6 8. O-O O-O 9. Bg5 Nc6 10. Nbd2 Bg4 11. Qc2 Qe8 12. dxc5 Bc7 13. h3 Qh5 14. Bxf6 Rxf6 15. Bxh7+ Kh8 16. hxg4 Qxg4 17. Bd3 Raf8 18. Be2 Rh6 19. Ne5 Qxe2 20. Ng6+ Kg8 21. Nxf8 Qh5 22. f4 Kxf8 23. Nf3 Qg4 24. Rae1 Qg3 25. Qf2 Qg4 26. Ne5 Qh5 27. Qf3 Qh4 28. Qg4 Qf6 29. Nd7+ Kf7 30. Nxf6 Rxf6 31. Qg5 Ne7 32. f5 Ng8 33. Qh5+ 1-0

[Event "January 2 Late 2024"]
[Site "https://www.chess.com"]
[Date "2024.01.02"]
[Round "8"]
[White "Osmonbekov, Talaibek"]
[Black "Bhavikatti, Neil"]
[Result "0-1"]
[Board "125"]
[TimeControl "180+1"]
[WhiteFideId "2017253"]
[BlackFideId "30935024"]
[WhiteElo "2312"]
[BlackElo "2460"]
[WhiteTeam "USA"]
[BlackTeam "USA"]
[WhiteClock "0:00:00"]
[BlackClock "0:00:08"]

1. d4 d5 2. Nc3 e6 3. Bf4 Bd6 4. e3 Nf6 5. Nf3 O-O 6. Bd3 c5 7. dxc5 Bxf4 8. exf4 Nbd7 9. O-O Nxc5 10. Re1 a6 11. Ne5 Nxd3 12. Qxd3 Qc7 13. Ne2 Ne4 14. f3 Nc5 15. Qd2 b5 16. Nd4 f6 17. Nd3 Nxd3 18. Qxd3 e5 19. Nb3 Bb7 20. a4 e4 21. Qe2 Qxf4 22. axb5 exf3 23. Qxf3 Qxf3 24. gxf3 axb5 25. Rxa8 Rxa8 26. Re7 Bc8 27. Nd4 Kf8 28. Rc7 b4 29. Kf2 Kg8 30. Nc6 Be6 31. Nxb4 Rb8 32. Nd3 Bf5 33. Ke3 Bxd3 34. Kxd3 Rxb2 35. Rd7 Kf8 36. Rxd5 Kf7 37. h4 g6 38. h5 gxh5 39. Rxh5 Kg6 40. Rh1 h5 41. c4 Kg5 42. Rc1 h4 43. c5 h3 44. c6 Rb8 45. c7 Rc8 46. Ke3 h2 47. Kf2 Rxc7 48. Rh1 Rc2+ 49. Kg3 f5 50. f4+ Kh5 51. Re1 h1=Q 52. Rxh1+ Kg6 53. Re1 Kf6 54. Rd1 Rc3+ 55. Kf2 Rc4 0-1

[Event "January 2 Late 2024"]
[Site "https://www.chess.com"]
[Date "2024.01.02"]
[Round "8"]
[White "Lalanne, Pablo"]
[Black "Kazmaier, Daniel"]
[Result "1-0"]
[Board "126"]
[TimeControl "180+1"]
[WhiteFideId "112151"]
[BlackFideId "2606089"]
[WhiteElo "2309"]
[BlackElo "2459"]
[WhiteTeam "ARG"]
[BlackTeam "CAN"]
[WhiteClock "0:00:14"]
[BlackClock "0:00:24"]

1. e4 e6 2. d4 d5 3. Nc3 Nf6 4. e5 Nfd7 5. f4 c5 6. Nf3 Nc6 7. Be3 a6 8. Qd2 b5 9. a3 Qb6 10. Nd1 Bb7 11. c3 h6 12. Bd3 O-O-O 13. O-O cxd4 14. cxd4 Na5 15. Nf2 Kb8 16. Qd1 Nc4 17. Bc1 Rc8 18. b3 Na5 19. Bd2 Be7 20. Bb4 Bxb4 21. axb4 Nc6 22. Be2 Nxb4 23. Rc1 Rxc1 24. Qxc1 Rc8 25. Qd2 a5 26. Rc1 Rxc1+ 27. Qxc1 a4 28. Qa3 Nc2 29. Qb2 axb3 30. Qxb3 Nxd4 31. Nxd4 Qxd4 32. Qxb5 Nc5 33. Kf1 Qa1+ 34. Nd1 Ne4 35. Qe8+ Ka7 36. Qxf7 Nc3 37. Ke1 Nxe2 38. Kxe2 d4 39. Qxe6 Ba6+ 40. Kd2 Qa5+ 41. Kc1 Qc5+ 42. Kd2 Bb7 43. Qd6 Qa5+ 44. Kc1 Qa4 45. Qc5+ Kb8 46. e6 Be4 47. Qe5+ Kc8 48. Qxe4 Kd8 49. Qd5+ Ke8 50. Qd7+ Qxd7 51. exd7+ Kxd7 52. Kd2 Kd6 53. Kd3 Kd5 54. Nf2 g6 55. Ng4 h5 56. Nf6+ Ke6 57. Ne4 Kf5 58. g3 h4 59. Kxd4 hxg3 60. hxg3 g5 61. Nxg5 Kg4 62. Ke5 Kh5 63. Ne4 Kg6 64. g4 Kf7 65. f5 Kg7 66. g5 Kf7 67. g6+ Kg7 68. Kf4 Kf8 69. Kg5 Kg7 70. f6+ Kg8 71. Kh6 Kh8 72. Ng5 Kg8 73. f7+ Kf8 74. g7+ Ke7 75. f8=Q+ 1-0

[Event "January 2 Late 2024"]
[Site "https://www.chess.com"]
[Date "2024.01.02"]
[Round "8"]
[White "Lopusiewicz, Piotr"]
[Black "Gonzalez Zharikov, Andrey"]
[Result "1/2-1/2"]
[Board "127"]
[TimeControl "180+1"]
[WhiteFideId "1116029"]
[BlackFideId "5145287"]
[WhiteElo "2455"]
[BlackElo "2306"]
[WhiteTeam "POL"]
[BlackTeam "MEX"]
[WhiteClock "0:00:41"]
[BlackClock "0:01:27"]

1. d4 Nf6 2. c4 e6 3. Nf3 d5 4. Nc3 Be7 5. g3 O-O 6. Bg2 dxc4 7. Ne5 c5 8. dxc5 Bxc5 9. Qxd8 Rxd8 10. Nxc4 Nc6 11. Bxc6 bxc6 12. a3 Ba6 13. Be3 Be7 14. Na5 Rdc8 15. Bg5 h6 16. Bxf6 Bxf6 17. Rc1 Rab8 18. b4 c5 19. Ne4 cxb4 20. Nxf6+ gxf6 21. Rxc8+ Rxc8 22. Kd2 bxa3 23. Ra1 Rc5 24. Rxa3 Rd5+ 25. Ke1 Bb5 26. Rc3 a6 27. Nb3 Kg7 28. e3 f5 29. Nd4 Bd7 30. Rc7 a5 31. Ra7 a4 32. f4 Kf6 33. h3 Ke7 34. Nc6+ Kd6 35. Ne5 Ke7 36. g4 fxg4 37. hxg4 f6 38. Nxd7 Rxd7 39. Rxa4 1/2-1/2

[Event "January 2 Late 2024"]
[Site "https://www.chess.com"]
[Date "2024.01.02"]
[Round "8"]
[White "Antonio, Jorge Carlos"]
[Black "Salman, Ilhan Serhat"]
[Result "0-1"]
[Board "128"]
[TimeControl "180+1"]
[WhiteFideId "113190"]
[BlackFideId "6361579"]
[WhiteElo "2301"]
[BlackElo "2440"]
[WhiteTeam "ARG"]
[BlackTeam "TUR"]
[WhiteClock "0:00:43"]
[BlackClock "0:01:33"]

1. d4 g6 2. Nf3 Bg7 3. c4 b6 4. Nc3 Bb7 5. g3 Nf6 6. Bg2 d5 7. cxd5 Nxd5 8. Nxd5 Bxd5 9. O-O O-O 10. Ne1 Bxg2 11. Nxg2 Qxd4 12. Be3 Qxd1 13. Rfxd1 Bxb2 14. Rab1 Bf6 15. Bh6 Re8 16. h4 Na6 17. h5 Rad8 18. hxg6 fxg6 19. Nf4 Nc5 20. Nd5 Ne6 21. Be3 c6 22. Nb4 Rxd1+ 23. Rxd1 Rd8 24. Rxd8+ Nxd8 25. Bf4 e5 26. Be3 Kf7 27. Kf1 Ke6 28. Ke1 Be7 29. Nd3 c5 30. Kd1 Nc6 31. Kc2 Nd4+ 32. Bxd4 cxd4 33. Kb3 Kd5 34. f3 Bd6 35. Nf2 b5 36. Ne4 Be7 37. g4 h5 38. gxh5 gxh5 39. Nf2 h4 40. Nh3 e4 41. fxe4+ Kxe4 42. Kc2 a5 43. Nf2+ Ke3 44. Ng4+ Kxe2 45. Ne5 h3 46. Nd3 h2 47. Nf4+ Kf3 0-1

[Event "January 2 Late 2024"]
[Site "https://www.chess.com"]
[Date "2024.01.02"]
[Round "8"]
[White "Vujacic, Igor"]
[Black "Lopez Del Alamo, Antonio"]
[Result "1-0"]
[Board "129"]
[TimeControl "180+1"]
[WhiteFideId "932620"]
[BlackFideId "2227339"]
[WhiteElo "2439"]
[BlackElo "2290"]
[WhiteTeam "MNE"]
[BlackTeam "ESP"]
[WhiteClock "0:01:56"]
[BlackClock "0:01:25"]

1. d4 Nf6 2. Bf4 g6 3. Nc3 d5 4. e3 Bg7 5. h4 h5 6. Nf3 O-O 7. Ne5 c5 8. Qd2 Nc6 9. dxc5 Qa5 10. Nxc6 bxc6 11. a3 Qxc5 12. Na4 Ne4 13. Nxc5 Nxd2 14. Kxd2 Bxb2 15. Ra2 Bg7 16. Bc7 Bf5 17. Ba6 Bc8 18. Rb1 Bxa6 19. Nxa6 Rfc8 20. Rb7 Bf6 21. g3 Kg7 22. a4 e6 23. Ra3 Bd8 24. Rc3 Bxc7 25. Nxc7 Rab8 26. Rxb8 Rxb8 27. Rxc6 a5 28. Nb5 1-0

[Event "January 2 Late 2024"]
[Site "https://www.chess.com"]
[Date "2024.01.02"]
[Round "8"]
[White "Jaque Gutierrez, Matias"]
[Black "Vanek, Tomas"]
[Result "1-0"]
[Board "130"]
[TimeControl "180+1"]
[WhiteFideId "3426980"]
[BlackFideId "313459"]
[WhiteElo "2428"]
[BlackElo "2280"]
[WhiteTeam "CHI"]
[BlackTeam "CZE"]
[WhiteClock "0:00:36"]
[BlackClock "0:00:02"]

1. d4 f5 2. c4 Nf6 3. g3 g6 4. Bg2 Bg7 5. Nf3 O-O 6. O-O d6 7. Nc3 c6 8. Qb3 e6 9. Bf4 h6 10. Rfd1 g5 11. Bc1 Na6 12. h4 g4 13. Ne1 Nc7 14. Nd3 Nh5 15. d5 cxd5 16. cxd5 e5 17. Bd2 Kh8 18. e3 f4 19. exf4 exf4 20. Nxf4 Nxf4 21. Bxf4 Rxf4 22. gxf4 Qxh4 23. Ne4 Ne8 24. Rac1 Qe7 25. Re1 Qf7 26. Qe3 Bxb2 27. Rc2 Bg7 28. Ng5 hxg5 29. Qxe8+ Qxe8 30. Rxe8+ Kh7 31. Be4+ Kh6 32. fxg5+ Kxg5 33. Rcxc8 Rxc8 34. Rxc8 Kf4 35. Bc2 Bd4 36. Kg2 Ke5 37. Bb3 Bc5 38. Rc7 b5 39. Rg7 Kf4 40. Rf7+ Ke5 41. Kg3 a5 42. Kxg4 a4 43. Bd1 Kxd5 44. f4 Bd4 45. Rb7 Kc5 46. a3 Bb2 47. Be2 Bxa3 48. Rxb5+ Kc6 49. Ra5 Bc5 50. Rxa4 Kd5 51. Bf3+ Ke6 52. f5+ Kf6 53. Ra8 d5 54. Bxd5 Ba7 55. Rxa7 Ke5 56. Kg5 Kd6 57. f6 Ke5 58. f7 Kd6 59. f8=Q+ 1-0

[Event "January 2 Late 2024"]
[Site "https://www.chess.com"]
[Date "2024.01.02"]
[Round "8"]
[White "Slavin, Alexey"]
[Black "Spichkin, Alexander"]
[Result "1-0"]
[Board "131"]
[TimeControl "180+1"]
[WhiteFideId "24104388"]
[BlackFideId "4144074"]
[WhiteElo "2271"]
[BlackElo "2425"]
[WhiteTeam "RUS"]
[BlackTeam "RUS"]
[WhiteClock "0:00:34"]
[BlackClock "0:01:48"]

1. e4 e5 2. Nf3 d5 3. Nc3 dxe4 4. Nxe4 f5 5. Ng3 e4 6. Qe2 Nf6 7. d3 Be7 8. dxe4 O-O 9. e5 Ng4 10. h3 Nh6 11. Qc4+ Kh8 12. Bd3 Nf7 13. O-O Nc6 14. Re1 a6 15. a4 Na5 16. Qa2 b5 17. Nxf5 Bxf5 18. Bxf5 Nc4 19. axb5 axb5 20. Qxa8 Qxa8 21. Rxa8 Rxa8 22. e6 Nfd6 23. Bd3 h6 24. b3 Nb6 25. Ne5 g5 26. Ng6+ Kg7 27. Nxe7 Re8 28. Nf5+ Nxf5 29. Bxf5 Kf6 30. g4 Nd5 31. Bb2+ Ke7 32. Rd1 Nb6 33. Bd4 Rc8 34. Bxb6 cxb6 35. Rd7+ Kf6 36. Rf7+ Ke5 37. e7 Re8 38. Bd7 1-0

[Event "January 2 Late 2024"]
[Site "https://www.chess.com"]
[Date "2024.01.02"]
[Round "8"]
[White "Rees, Ioan"]
[Black "Clawitter, Craig"]
[Result "1-0"]
[Board "132"]
[TimeControl "180+1"]
[WhiteFideId "1801236"]
[BlackFideId "2023105"]
[WhiteElo "2424"]
[BlackElo "2243"]
[WhiteTeam "WLS"]
[BlackTeam "USA"]
[WhiteClock "0:01:17"]
[BlackClock "0:00:05"]

1. e4 e6 2. b3 d5 3. Bb2 Nf6 4. e5 Nfd7 5. f4 c5 6. Nf3 Nc6 7. Bb5 g6 8. Qe2 Bg7 9. O-O O-O 10. c3 Ne7 11. d4 b6 12. Na3 a6 13. Bd3 b5 14. Rad1 Qc7 15. Nc2 c4 16. Ba3 cxd3 17. Rxd3 Re8 18. g4 Bf8 19. Ng5 Nc6 20. Bxf8 Nxf8 21. f5 exf5 22. gxf5 Bxf5 23. Rg3 Ne7 24. Ne3 Be6 25. Qf2 h6 26. Nxf7 Qxc3 27. Nxh6+ Kh7 28. Nhg4 Qxd4 29. Nf6+ Kg7 30. Nxe8+ Rxe8 31. Qf6+ Kg8 32. Rh3 Nf5 33. Rh8# 1-0

[Event "January 2 Late 2024"]
[Site "https://www.chess.com"]
[Date "2024.01.02"]
[Round "8"]
[White "Micic, Aleksa"]
[Black "Tagliati, Eleonore"]
[Result "0-1"]
[Board "133"]
[TimeControl "180+1"]
[WhiteFideId "989940"]
[BlackFideId "45172234"]
[WhiteElo "2424"]
[BlackElo "2216"]
[WhiteTeam "SRB"]
[BlackTeam "FRA"]
[WhiteClock "0:00:48"]
[BlackClock "0:00:11"]

1. e4 c5 2. Nf3 Nc6 3. d4 cxd4 4. Nxd4 e5 5. Nb5 d6 6. c4 g6 7. N1c3 a6 8. Na3 Be6 9. Be2 Rc8 10. Be3 Bg7 11. Nd5 Nf6 12. Bb6 Qd7 13. Nxf6+ Bxf6 14. O-O O-O 15. Nc2 Be7 16. Ne3 f5 17. exf5 gxf5 18. Nd5 Bd8 19. f4 Kh8 20. Be3 Ne7 21. fxe5 dxe5 22. Bg5 Nxd5 23. cxd5 Qxd5 24. Bxd8 Rcxd8 25. Qxd5 Bxd5 26. b4 f4 27. a4 e4 28. b5 a5 29. Rad1 f3 30. gxf3 exf3 31. Bxf3 Rg8+ 32. Kf2 Bxf3 33. Rxd8 Rxd8 34. Kxf3 Rf8+ 35. Ke2 Rxf1 36. Kxf1 b6 37. Kf2 Kg7 38. Kf3 Kf6 39. Kf4 h6 40. h3 Ke6 41. Ke4 Kd6 42. Kf5 Kc5 43. Kg6 Kb4 44. Kxh6 Kxa4 45. Kg6 Kb3 46. h4 a4 47. h5 a3 48. h6 a2 49. h7 a1=Q 0-1

[Event "January 2 Late 2024"]
[Site "https://www.chess.com"]
[Date "2024.01.02"]
[Round "8"]
[White "Senft, Sean"]
[Black "Clarke, Matthew"]
[Result "1-0"]
[Board "134"]
[TimeControl "180+1"]
[WhiteFideId "2044960"]
[BlackFideId "3227804"]
[WhiteElo "2420"]
[BlackElo "2155"]
[WhiteTeam "USA"]
[BlackTeam "AUS"]
[WhiteClock "0:00:50"]
[BlackClock "0:00:01"]

1. d4 d5 2. c4 e6 3. Nc3 Nf6 4. cxd5 exd5 5. Bg5 c6 6. e3 h6 7. Bh4 Be7 8. Bd3 O-O 9. Nf3 Re8 10. Qc2 Nbd7 11. O-O-O b5 12. Kb1 a5 13. Ne5 Nxe5 14. dxe5 Ng4 15. Bg3 Bf8 16. Ne2 Bd7 17. Nd4 Rc8 18. Nf3 h5 19. Bf5 Nh6 20. Bxd7 Qxd7 21. e4 Qg4 22. h3 Qxe4 23. Qxe4 dxe4 24. Ng5 Nf5 25. Nxe4 Nxg3 26. Nxg3 Rxe5 27. f4 Rc5 28. Rc1 h4 29. Ne4 Rxc1+ 30. Rxc1 Re8 31. Nc3 Re3 32. Rd1 Rg3 33. Rd2 Bb4 34. Kc2 Kh7 35. Re2 Kg6 36. Ne4 Kf5 37. Nxg3+ hxg3 38. Re3 Kxf4 39. Rf3+ Ke4 40. Rxf7 g5 41. Rf6 Ke3 42. Rf3+ Ke2 43. Rxg3 Be7 44. Rf3 Bd6 45. Rf6 Bf4 46. h4 Kf2 1-0

[Event "January 2 Late 2024"]
[Site "https://www.chess.com"]
[Date "2024.01.02"]
[Round "8"]
[White "Hajiyev, Kanan"]
[Black "Kovacevic, Radmila"]
[Result "0-1"]
[Board "135"]
[TimeControl "180+1"]
[WhiteFideId "13404148"]
[BlackFideId "933171"]
[WhiteElo "2597"]
[BlackElo "2185"]
[WhiteTeam "AZE"]
[BlackTeam "SRB"]
[WhiteClock "0:00:00"]
[BlackClock "0:00:01"]

1. b3 c5 2. Bb2 Nc6 3. Nf3 d6 4. e3 e5 5. Be2 f5 6. O-O Nf6 7. d4 e4 8. Ne1 cxd4 9. exd4 d5 10. c4 Be6 11. Nc3 Bb4 12. Nc2 Bd6 13. cxd5 Bxd5 14. Ne3 Ne7 15. Bb5+ Kf7 16. Ncxd5 Nfxd5 17. Bc4 Bf4 18. Bxd5+ Nxd5 19. Nxf5 Qg5 20. Ne3 Rhd8 21. Qc2 Nf6 22. Qc4+ Kg6 23. Rae1 Rac8 24. Qe6 Rc6 25. Qh3 h5 26. Nc4 Kh7 27. Re2 Ng4 28. g3 Nf6 29. d5 Rxd5 30. Bxf6 Rxf6 31. Rxe4 b5 32. Ne3 Bxe3 33. Rxe3 Rd2 34. Qg2 Rxa2 35. Qe4+ Kh6 36. h4 Qg6 37. Qe5 Rd2 38. Qb8 Rb2 39. Re8 Qd3 40. Rh8+ Kg6 41. Qe5 Re2 42. Qg5+ Kf7 43. Qxh5+ Rg6 0-1

[Event "January 2 Late 2024"]
[Site "https://www.chess.com"]
[Date "2024.01.02"]
[Round "8"]
[White "Avramidou, Anastasia"]
[Black "Romero Ruscalleda, Josep"]
[Result "1-0"]
[Board "136"]
[TimeControl "180+1"]
[WhiteFideId "4239873"]
[BlackFideId "2231859"]
[WhiteElo "2544"]
[BlackElo "2316"]
[WhiteTeam "GRE"]
[BlackTeam "ESP"]
[WhiteClock "0:00:19"]
[BlackClock "0:00:01"]

1. Nf3 g6 2. h4 Nf6 3. d4 d6 4. Nc3 Bg4 5. e4 Nc6 6. Be2 Bg7 7. Be3 e5 8. d5 Ne7 9. Qd2 Nh5 10. g3 Qd7 11. O-O-O a6 12. Kb1 h6 13. Nh2 Bxe2 14. Qxe2 O-O-O 15. Rdg1 Kb8 16. Qd2 f5 17. exf5 gxf5 18. f3 Rdg8 19. Nf1 Ng6 20. Bf2 Bf6 21. Qe3 b6 22. a4 f4 23. Qd3 Nxg3 24. Bxg3 fxg3 25. Qxa6 Qc8 26. Qxc8+ Kxc8 27. h5 Nf4 28. Nxg3 Rf8 29. Nge4 Be7 30. Kc1 Rf7 31. Kd2 Rhf8 32. Rf1 Kd7 33. b4 Ra8 34. Ra1 Rg8 35. Rh2 Ng2 36. Rg1 Bg5+ 37. Nxg5 Rxg5 38. Rgxg2 Rxg2+ 39. Rxg2 Rxf3 40. a5 bxa5 41. bxa5 Rh3 42. Rg7+ Kc8 43. a6 Kb8 44. a7+ Kxa7 45. Rxc7+ Kb8 46. Rd7 Rxh5 47. Rxd6 Rh3 48. Re6 h5 49. Rxe5 h4 50. Rh5 Kc7 51. Ne4 Rh2+ 52. Kd3 Kd7 53. c4 Kc7 54. c5 Kd7 55. Rh7+ Ke8 56. Kd4 h3 57. Ke5 Re2 58. Rxh3 Kf8 59. c6 Ke8 60. Rh7 Kd8 61. Kd6 Rxe4 62. Rh8+ Re8 63. Rxe8+ Kxe8 64. c7 1-0

[Event "January 2 Late 2024"]
[Site "https://www.chess.com"]
[Date "2024.01.02"]
[Round "8"]
[White "Kornyukov, Alexey"]
[Black "Bold, Andre"]
[Result "0-1"]
[Board "137"]
[TimeControl "180+1"]
[WhiteFideId "4150457"]
[BlackFideId "16208471"]
[WhiteElo "2311"]
[BlackElo "2494"]
[WhiteTeam "RUS"]
[BlackTeam "GER"]
[WhiteClock "0:00:00"]
[BlackClock "0:00:44"]

1. d4 d5 2. c4 c6 3. Nf3 Nf6 4. e3 Bf5 5. Nc3 e6 6. Nh4 Bg4 7. Qb3 Qb6 8. h3 Bh5 9. g4 Bg6 10. Nxg6 hxg6 11. g5 Nfd7 12. Bg2 Be7 13. e4 dxc4 14. Qxc4 Qd8 15. h4 e5 16. Be3 Nb6 17. Qd3 exd4 18. Qxd4 Qxd4 19. Bxd4 O-O 20. f4 N8d7 21. h5 Bc5 22. O-O-O Rad8 23. hxg6 fxg6 24. Bh3 Rde8 25. f5 Bxd4 26. Rxd4 Ne5 27. Rd6 Nbc4 28. Rd4 b5 29. b3 Nb6 30. Rd6 Rd8 31. Rxd8 Rxd8 32. f6 Kf7 33. Rf1 Rd3 0-1

[Event "January 2 Late 2024"]
[Site "https://www.chess.com"]
[Date "2024.01.02"]
[Round "8"]
[White "Gavrilov, Maxim"]
[Black "Bryant, Todd"]
[Result "1/2-1/2"]
[Board "138"]
[TimeControl "180+1"]
[WhiteFideId "24271454"]
[BlackFideId "2031299"]
[WhiteElo "2478"]
[BlackElo "2277"]
[WhiteTeam "RUS"]
[BlackTeam "USA"]
[WhiteClock "0:00:09"]
[BlackClock "0:00:17"]

1. d4 Nf6 2. Nf3 g6 3. g3 Bg7 4. Bg2 c5 5. O-O cxd4 6. Nxd4 h5 7. h4 Nc6 8. c4 Ng4 9. Nxc6 dxc6 10. Qc2 Qc7 11. Nc3 O-O 12. b3 Rd8 13. Bb2 Bf5 14. e4 Be6 15. Rad1 Nf6 16. Ne2 Bg4 17. f3 Be6 18. Nf4 Bd7 19. Rd2 Be8 20. Rfd1 Rxd2 21. Qxd2 Bh6 22. e5 Nd7 23. Qd4 Bg7 24. Re1 Rd8 25. Qe3 Qb6 26. Bd4 c5 27. Bc3 Nf8 28. Nd5 Qe6 29. Kh2 Bc6 30. Bh3 f5 31. exf6 Qxe3 32. Rxe3 Bxf6 33. Bxf6 exf6 34. Nxf6+ Kf7 35. Ne4 Bxe4 36. fxe4 Rd2+ 37. Bg2 Rxa2 38. Kh3 Ne6 39. e5 b6 40. Bd5 Ke7 41. Rf3 Nd8 42. Rf6 Re2 43. Rxg6 Rxe5 44. Rg7+ Kd6 45. Rxa7 Re3 46. Rh7 Ne6 47. Bxe6 Kxe6 48. Rxh5 Rxb3 49. Rh6+ Kf5 50. Rc6 Ke5 51. h5 Kd4 52. h6 Rb1 53. Kg4 Rh1 54. Kg5 Kxc4 55. g4 b5 56. Kg6 b4 57. h7 b3 58. g5 b2 59. Rb6 Kc3 60. Kg7 c4 61. h8=Q Rxh8 62. Kxh8 Kc2 63. g6 c3 64. g7 b1=Q 65. Rxb1 Kxb1 66. g8=Q c2 67. Qb8+ Ka1 68. Qe5+ Kb1 69. Qe4 Ka1 70. Qd4+ Kb1 71. Qd3 Ka1 72. Qa3+ Kb1 73. Qb3+ Ka1 74. Qa4+ Kb1 75. Qe4 Ka1 76. Qa8+ Kb1 77. Qb7+ Ka1 78. Qa6+ Kb1 79. Qb5+ Ka1 80. Qa4+ Kb1 81. Qb3+ Ka1 82. Qa3+ Kb1 83. Qd3 Ka1 84. Qf1+ Kb2 85. Qe2 Kb1 86. Qd3 1/2-1/2

[Event "January 2 Late 2024"]
[Site "https://www.chess.com"]
[Date "2024.01.02"]
[Round "8"]
[White "Sarkar, Justin"]
[Black "Reprintsev, Alexander"]
[Result "0-1"]
[Board "139"]
[TimeControl "180+1"]
[WhiteFideId "2010011"]
[BlackFideId "14100541"]
[WhiteElo "2261"]
[BlackElo "2477"]
[WhiteTeam "USA"]
[BlackTeam "UKR"]
[WhiteClock "0:00:00"]
[BlackClock "0:00:54"]

1. e4 e5 2. Nf3 Nc6 3. Nc3 Nf6 4. Be2 h6 5. O-O d6 6. d4 g5 7. Bb5 g4 8. d5 gxf3 9. dxc6 bxc6 10. Bxc6+ Bd7 11. Bxa8 fxg2 12. Kxg2 Qxa8 13. Qf3 Be7 14. Nd5 Nxd5 15. exd5 Qc8 16. c4 Bg4 17. Qc3 Qf5 18. f4 Rg8 0-1

[Event "January 2 Late 2024"]
[Site "https://www.chess.com"]
[Date "2024.01.02"]
[Round "8"]
[White "Chocenka, Dmitrijus"]
[Black "Nithyalakshmi, Sivanesan"]
[Result "1-0"]
[Board "140"]
[TimeControl "180+1"]
[WhiteFideId "12802336"]
[BlackFideId "5706955"]
[WhiteElo "2453"]
[BlackElo "2261"]
[WhiteTeam "LTU"]
[BlackTeam "MAS"]
[WhiteClock "0:00:16"]
[BlackClock "0:00:00"]

1. e4 e6 2. d4 d5 3. Nc3 Nf6 4. e5 Ng8 5. f4 Nh6 6. Nf3 c5 7. Ne2 Nf5 8. c3 Nc6 9. Ng3 Nh4 10. Nxh4 Qxh4 11. Be2 Bd7 12. O-O cxd4 13. cxd4 Rc8 14. Be3 Na5 15. b3 Nc6 16. Rc1 Ba3 17. Rc2 O-O 18. f5 exf5 19. Rf4 Qe7 20. Nxf5 Bxf5 21. Rxf5 Nb4 22. Rxc8 Rxc8 23. Bg4 Rc2 24. Qf3 Rxa2 25. h3 Ra1+ 26. Kh2 Ra2 27. Bg5 Qc7 28. Bf4 Qe7 29. Bg5 Qc7 30. Qf4 Nd3 31. Qg3 Bf8 32. Rf3 Nb4 33. e6 Qxg3+ 34. Kxg3 f6 35. Bf4 Nc6 36. Rd3 Be7 37. Bc7 1-0

[Event "January 2 Late 2024"]
[Site "https://www.chess.com"]
[Date "2024.01.02"]
[Round "8"]
[White "Alvarado, Carlos"]
[Black "Cueto, Jonny"]
[Result "1-0"]
[Board "141"]
[TimeControl "180+1"]
[WhiteFideId "3800555"]
[BlackFideId "3300145"]
[WhiteElo "2420"]
[BlackElo "2253"]
[WhiteTeam "PER"]
[BlackTeam "BOL"]
[WhiteClock "0:00:12"]
[BlackClock "0:00:06"]

1. d4 Nf6 2. Nf3 d6 3. Bg5 b6 4. Nbd2 Bb7 5. Bxf6 exf6 6. g3 Be7 7. Bg2 O-O 8. O-O Nd7 9. a4 a6 10. Nh4 Bxg2 11. Nxg2 Re8 12. e3 Rc8 13. Qe2 Nb8 14. Rfd1 c5 15. c3 Qc7 16. Nf4 Qb7 17. Qf3 Qxf3 18. Nxf3 Bf8 19. Nd5 Nd7 20. b4 h6 21. Rdb1 Rb8 22. Nc7 Re7 23. Nxa6 Rc8 24. b5 Kh7 25. Kg2 g6 26. h4 Bg7 27. Rd1 f5 28. Rac1 Nf6 29. dxc5 dxc5 30. Rd6 Rb7 31. Nd2 Re8 32. Nc4 Re6 33. Rc6 Ne4 34. Rd1 Bxc3 35. Rxe6 fxe6 36. f3 Nf6 37. Rd6 Nd5 38. Rxe6 h5 39. e4 fxe4 40. fxe4 Nf6 41. Rxb6 Rxb6 42. Nxb6 Nxe4 43. Nd5 Ba5 44. b6 Nc3 45. Nxc3 Bxc3 46. b7 Be5 47. Nxc5 Kg7 48. Nd7 Bc7 49. a5 Bb8 50. Nxb8 1-0

[Event "January 2 Late 2024"]
[Site "https://www.chess.com"]
[Date "2024.01.02"]
[Round "8"]
[White "Caglar, Sila"]
[Black "Doublekk14"]
[Result "1-0"]
[Board "142"]
[TimeControl "180+1"]
[WhiteFideId "6364063"]
[WhiteElo "2410"]
[BlackElo "2252"]
[WhiteTeam "TUR"]
[WhiteClock "0:00:11"]
[BlackClock "0:00:00"]

1. e4 c5 2. Nf3 e6 3. d4 cxd4 4. Nxd4 Nf6 5. Nc3 Nc6 6. Ndb5 Bc5 7. Bf4 O-O 8. Bc7 Qe7 9. Bd6 Bxd6 10. Qxd6 Ne8 11. Qxe7 Nxe7 12. O-O-O f5 13. f3 a6 14. Nd6 Nxd6 15. Rxd6 fxe4 16. fxe4 b5 17. a3 Ra7 18. Bd3 Rc7 19. Rd1 Bb7 20. Be2 Bc6 21. Bf3 Ng6 22. Ne2 Ne5 23. Nd4 Bb7 24. b3 Nf7 25. Rb6 Ne5 26. Kd2 Rfc8 27. Ke3 Rc3+ 28. Kf4 Ng6+ 29. Kg4 R3c7 30. h4 h6 31. h5 Ne5+ 32. Kf4 Nf7 33. Ke3 Rc3+ 34. Rd3 R3c7 35. Ne2 Ne5 36. Rd2 Ra8 37. Kf4 Nc6 38. Ke3 Ne5 39. Nf4 Nf7 40. Ng6 Ng5 41. Rbd6 Rd8 42. Ne5 Nf7 43. Rxd7 Rcxd7 44. Rxd7 Rxd7 45. Nxd7 Bc6 46. Nc5 a5 47. Nd3 Nd6 48. e5 Nf5+ 49. Kf4 Bxf3 50. gxf3 Nd4 51. Ne1 a4 52. bxa4 bxa4 53. Ke4 Nb5 54. Nd3 Nxa3 55. Nc5 Nxc2 56. Nxa4 Ne1 57. Nc5 Ng2 58. Nxe6 Kf7 59. Nf4 Nh4 60. Nh3 Ng2 61. f4 Ne1 62. Nf2 Nc2 63. Ng4 Nb4 64. f5 Nc6 65. e6+ Ke7 66. Ne5 Nd8 67. Ng6+ Kf6 68. e7 1-0

[Event "January 2 Late 2024"]
[Site "https://www.chess.com"]
[Date "2024.01.02"]
[Round "8"]
[White "Bouget, Alexandre"]
[Black "Vifleemskaia, Svetlana"]
[Result "0-1"]
[Board "143"]
[TimeControl "180+1"]
[WhiteFideId "681318"]
[BlackFideId "4129490"]
[WhiteElo "2408"]
[BlackElo "2241"]
[WhiteTeam "FRA"]
[BlackTeam "RUS"]
[WhiteClock "0:01:03"]
[BlackClock "0:00:04"]

1. d4 Nf6 2. Nc3 d5 3. Bf4 a6 4. Nf3 c5 5. e3 Nc6 6. Be2 Bf5 7. O-O e6 8. a3 Be7 9. dxc5 Bxc5 10. b4 Bd6 11. Bxd6 Qxd6 12. Nh4 Bg6 13. Nxg6 hxg6 14. h3 g5 15. e4 d4 16. b5 Ne5 17. bxa6 bxa6 18. f4 gxf4 19. Rxf4 Nc6 20. Rf3 Qc5 21. Nb1 d3+ 22. Kh1 dxe2 23. Qxe2 Nd4 24. Qf2 Nxe4 25. Qe3 Nxf3 26. Qxf3 Qd5 27. c4 Qf5 28. Nd2 Qxf3 29. Nxf3 O-O-O 30. Re1 f5 31. Rb1 Kc7 32. Ne5 Rb8 33. Re1 Rhd8 34. Ng6 Rd2 35. Nf4 Rbb2 36. Nxe6+ Kd6 37. Nf4 Ke5 38. Ng6+ Kf6 39. Nf4 g5 40. Nd5+ Ke5 41. Ne3 Re2 42. Rf1 Rxe3 0-1